 Dungeon Crawl Stone Soup version 0.28-a0-422-gd71735cc25 (webtiles) character file.

Game seed: 975100362278524889

6246 robertstho the Thaumaturge (level 11, -5/76 HPs)
             Began as a Djinni Fire Elementalist on Sept 8, 2021.
             Was an Initiate of Gozag.
             Slain by an orc warrior (19 damage)
             ... on level 9 of the Dungeon.
             The game lasted 00:13:25 (10992 turns).

robertstho the Thaumaturge (DjFE)                  Turns: 10992, Time: 00:13:26

Health: -5/76      AC:  5    Str:  7    XL:     11   Next: 15%
Gold:   878        EV: 17    Int: 21    God:    Gozag SH:  4 Dex: 13

rFire   + + .      SeeInvis .   i - +0 scimitar
rCold   . . .      Faith    .   (no shield)
rNeg    . . .      Spirit   .   a - +0 robe
rPois   ∞          Reflect  .   (no helmet)
rElec   .          Harm     .   d - +2 cloak
rCorr   .          Rampage  .   (no gloves)
Will    +....      Rnd*Rage +   (boots unavailable)
Stlth   ++........              (no amulet)
HPRegen 0.22/turn               m - +4 ring of evasion
MPRegen 0.00/turn               u - ring of protection from cold

@: gold aura, flying
A: sickness immunity, fire resistance 2, cold vulnerability 1, float, innate
caster, hp casting, extra vitality 1, large bone plates 1, berserk 1
a: Renounce Religion, Potion Petition, Call Merchant, Bribe Branch


You were on level 9 of the Dungeon.
You worshipped Gozag.
Gozag was pleased with you.
You visited 2 branches of the dungeon, and saw 12 of its levels.
You also visited: Sewer.

You collected 970 gold pieces.
You paid 92 gold pieces to Gozag.

Inventory:

Hand Weapons
 i - a +0 scimitar (weapon)
Missiles
 E - a throwing net
Armour
 a - a +0 robe (worn)
 d - a +2 cloak (worn)
Jewellery
 f - a ring of willpower
 m - a +4 ring of evasion (left hand)
 n - the ring "Elaugoiti" {rElec rF+ MP+9 Int-3}
   (You found it on level 9 of the Dungeon)

   [ring of protection from fire]

   Int:       It affects your intelligence (-3).
   rF:        It protects you from fire.
   rElec:     It insulates you from electricity.
   MP:        It affects your magic capacity (+9).
 u - a ring of protection from cold (right hand)
Wands
 l - a wand of paralysis (33)
 y - a wand of flame (15)
 D - a wand of digging (4)
 G - a wand of mindburst (10)
Scrolls
 b - 2 scrolls of enchant armour
 h - a scroll of amnesia {unknown}
 k - a scroll of immolation {unknown}
 o - a scroll of brand weapon {unknown}
 q - a scroll of vulnerability
 s - a scroll of blinking
 t - a scroll of holy word
 v - a scroll of fear {unknown}
 w - 2 scrolls of identify
Potions
 c - a potion of cancellation
 e - a potion of attraction
 g - a potion of ambrosia
 j - 2 potions of mutation
 p - a potion of haste
 r - 2 potions of brilliance {unknown}
 x - a potion of flight {unknown}
 z - a potion of berserk rage {unknown}
 A - a potion of degeneration {unknown}
 B - 2 potions of curing {unknown}
 C - a potion of heal wounds {unknown}
 F - a potion of lignification {unknown}


   Skills:
 * Level 5.2 Fighting
 + Level 1.7 Long Blades
 + Level 3.6 Dodging
 + Level 3.1 Stealth
 + Level 0.6 Shields
 * Level 11.3 Spellcasting


You had 5 spell levels left.
You knew the following spells:

 Your Spells              Type           Power      Damage    Failure   Level
a - Foxfire               Conj/Fire      100%       2x1d9     1%          1
b - Scorch                Fire           100%       2d10      1%          2
c - Conjure Flame         Conj/Fire      56%        6-21      1%          3
d - Inner Flame           Hex/Fire       56%        N/A       1%          3
e - Flame Wave            Conj/Fire      56%        3d10      1%          4
f - Shock                 Conj/Air       100%       1d9       1%          1
g - Wereblood             Tmut           56%        N/A       1%          2
h - Summon Guardian Gole  Hex/Summ       56%        N/A       1%          3
i - Olgreb's Toxic Radia  Pois           56%        N/A       1%          4
j - Petrify               Tmut/Erth      56%        N/A       1%          4
Your spell library was empty.

Dungeon Overview and Level Annotations

Branches:
Dungeon (11/15)            Temple (1/1) D:6            Lair (0/6) D:11
  Sewer (visited)
    Orc: D:9-12

Altars:
Cheibriados
Gozag
Hepliaklqana
Kikubaaqudgha
Makhleb
Nemelex Xobeh
Okawaru
Ru
Sif Muna
Trog
Uskayaw
Vehumet
Wu Jian
Xom
Yredelemnul
Zin
The Shining One

Shops:
D:2 [   D:5 =

Annotations:
D:2 Armour shop
D:9 exclusion: obsidian statue


Innate Abilities, Weirdness & Mutations

You are immune to sickness and miasma.
You are immune to poison.
Your flesh is very heat resistant. (rF++)
You are vulnerable to cold. (rC-)
You float through the air rather than walking.
You learn spells naturally, not from books.
Your magical power is your life essence.
You have superior vitality. (+4 HP)
You are partially covered in large bone plates. (SH +4)
You tend to lose your temper in combat.


Message History

Casting: Flame Wave (mildly dangerous; 1% risk of failure)
Confirm with . or Enter, or press ? or * to list all spells.
Casting: Flame Wave (mildly dangerous; 1% risk of failure)
Press: ? - help, Dir - look around, f - activate A wave of flame ripples out!
The flame wave engulfs the orc priest!!
You kill the orc priest! (Press . to intensify the flame waves.) Unknown command.
Things that are here:
8 gold pieces; a +0 trident An orc priest comes into view.
It is wielding a +0 long sword.
You block the orc warrior's attack.
Casting: Flame Wave (mildly dangerous; 1% risk of failure)
Confirm with . or Enter, or press ? or * to list all spells.
Casting: Flame Wave (mildly dangerous; 1% risk of failure)
Press: ? - help, Dir - look around, f - activate A wave of flame ripples out! (Press . to intensify the flame waves.)
The orc priest shouts!
The orc warrior completely misses you.
Unknown command.
A wave of flame ripples out!
The flame wave engulfs the orc warrior!
The orc warrior is moderately wounded.
You block the orc warrior's attack.
A wave of flame ripples out!
The flame wave engulfs the orc warrior!
The orc warrior is almost dead.
You finish channelling waves of flame.
The orc warrior hits you from afar with a +0 glaive!
* * * LOW HITPOINT WARNING * * *
Casting: Flame Wave (mildly dangerous; 1% risk of failure)
Confirm with . or Enter, or press ? or * to list all spells.
Flames lash the orc priest.
The orc priest is almost dead.
The orc priest's fire resistance burns away.
* * * LOW HITPOINT WARNING * * *
The orc priest calls upon Beogh to heal the orc warrior.
The orc warrior is healed somewhat.
The orc warrior hits you from afar with a +0 glaive!!
You die...
Your body crumbles into a pile of gold.

######### #.......###
..############.#####...<
....oo.@$........# #.###
.#############.#.# #.#
#.#.# #.# ..#.# #.#
###.# #.# #########.#
#.# #.......#.# #.#
#.......#.# #.# #
#[......#.# #.# #


You could see an orc warrior and an orc priest (inflammable).

Vanquished Creatures
  2 two-headed ogres
  A cyclops (D:7)
  A manticore (D:6)
  A troll (D:10)
  Sigmund (D:3)
  A ynoxinul (D:10)
  Menkaure (D:5)
  2 water moccasins
  An orc warrior (D:10)
  A sky beast (D:6)
  A black bear (D:6)
  An ogre (D:4)
  3 necrophages (D:6)
  5 centaurs
  2 phantoms
  8 bullfrogs
  6 scorpions
  6 killer bees (D:9)
  5 howler monkeys
  A crimson imp (D:3)
  2 orc priests
  A hound (D:5)
  2 jellies
  3 gnoll shamans
  A bullfrog skeleton (D:4)
  5 iguanas
  2 orc wizards
  A killer bee zombie (D:3)
  3 howler monkey zombies
  9 adders
  13 gnolls
  2 shadow imps
  3 white imps
  An adder skeleton (D:4)
  A worm (D:3)
  12 orcs
  3 bats
  4 endoplasms
  6 giant cockroaches
  19 goblins
  8 hobgoblins
  3 jackals
  4 quokkas
  5 ball pythons
  7 frilled lizards
  A goblin skeleton (D:3)
  A goblin zombie (D:3)
  A hobgoblin zombie (D:3)
  12 kobolds
  A kobold skeleton (D:3)
  2 kobold zombies (D:3)
  An orc skeleton (D:3)
  7 rats
196 creatures vanquished.

Vanquished Creatures (collateral kills)
  7 foxfires
7 creatures vanquished.

Vanquished Creatures (others)
  726 foxfires
  4 plants
730 creatures vanquished.

Grand Total: 933 creatures vanquished

Notes
Turn   | Place    | Note
-------+----------+-------------------------------------------
     0 | D:1      | robertstho the Djinni Fire Elementalist began the quest for
                  | the Orb.
     0 | D:1      | Reached XP level 1. HP: 15/15 MP: 0/0
   262 | D:1      | Found a faded altar of an unknown god.
   273 | D:1      | Reached XP level 2. HP: 12/21 MP: 0/0
  1052 | D:1      | Reached XP level 3. HP: 24/25 MP: 0/0
  1052 | D:1      | Learned a level 1 spell: Shock
  1057 | D:1      | Reached skill level 3 in Spellcasting
  2005 | D:2      | Found Xosapeiwn's Armour Shoppe.
  2383 | D:2      | Reached XP level 4. HP: 29/31 MP: 0/0
  3039 | D:3      | Reached XP level 5. HP: 20/36 MP: 0/0
  3039 | D:3      | Learned a level 2 spell: Wereblood
  3047 | D:3      | Reached skill level 4 in Spellcasting
  3367 | D:3      | Noticed Sigmund
  3382 | D:3      | Killed Sigmund
  3383 | D:3      | Reached skill level 1 in Fighting
  3383 | D:3      | Reached skill level 5 in Spellcasting
  3383 | D:3      | Reached XP level 6. HP: 36/42 MP: 0/0
  3651 | D:3      | Found a glowing golden altar of the Shining One.
  3669 | D:3      | Reached XP level 7. HP: 34/47 MP: 0/0
  3669 | D:3      | Learned a level 3 spell: Summon Guardian Golem
  4084 | D:3      | Found a sparkling altar of Nemelex Xobeh.
  4567 | D:4      | Reached skill level 6 in Spellcasting
  4720 | D:4      | Found a sand-covered staircase.
  5132 | D:5      | Entered Level 5 of the Dungeon
  5181 | D:5      | Reached XP level 8. HP: 45/54 MP: 0/0
  5185 | D:5      | Noticed Menkaure
  5194 | D:5      | Killed Menkaure
  5462 | D:5      | Found a snail-covered altar of Cheibriados.
  5705 | D:5      | Reached skill level 7 in Spellcasting
  5826 | D:5      | Found Ennofan's Jewellery Shop.
  6145 | D:6      | Found a basalt altar of Yredelemnul.
  6147 | D:6      | Noticed a manticore
  6173 | D:6      | Killed a manticore
  6174 | D:6      | Reached skill level 8 in Spellcasting
  6174 | D:6      | Reached XP level 9. HP: 11/60 MP: 0/0
  6174 | D:6      | Learned a level 4 spell: Olgreb's Toxic Radiance
  6205 | D:6      | Found a glowing drain.
  6222 | Sewer    | Entered a sewer
  6224 | Sewer    | Gained mutation: You are partially covered in large bone
                  | plates. (SH +4) [potion of mutation]
  6224 | Sewer    | Gained mutation: You tend to lose your temper in combat.
                  | [potion of mutation]
  6686 | D:6      | Found a staircase to the Ecumenical Temple.
  6824 | Temple   | Entered the Ecumenical Temple
  6844 | Temple   | Became a worshipper of Gozag Ym Sagoz the Greedy
  7356 | D:6      | Reached skill level 1 in Long Blades
  7430 | D:6      | Reached skill level 9 in Spellcasting
  7756 | D:7      | Noticed a cyclops
  7763 | D:7      | Killed a cyclops
  7764 | D:7      | Reached XP level 10. HP: 41/67 MP: 0/0
  8035 | D:7      | Noticed a two-headed ogre
  8040 | D:7      | Killed a two-headed ogre
  8041 | D:7      | Reached skill level 10 in Spellcasting
  8650 | D:8      | You are sucked into a shaft and drop 3 floors!
  8653 | D:11     | Noticed a two-headed ogre
  8653 | D:11     | Found a staircase to the Lair.
  8654 | D:11     | Noticed a komodo dragon
  8673 | D:10     | Entered Level 10 of the Dungeon
  8858 | D:10     | Found a bloodstained altar of Trog.
  9120 | D:10     | Noticed a two-headed ogre
  9132 | D:10     | Killed a two-headed ogre
  9654 | D:10     | Found an ornate altar of the Wu Jian Council.
 10210 | D:9      | Reached skill level 11 in Spellcasting
 10275 | D:9      | Reached XP level 11. HP: 70/74 MP: 0/0
 10275 | D:9      | Learned a level 4 spell: Petrify
 10311 | D:9      | Reached skill level 5 in Fighting
 10600 | D:9      | Noticed an obsidian statue
 10867 | D:9      | Found a burning altar of Makhleb.
 10871 | D:9      | Found a sacrificial altar of Ru.
 10874 | D:9      | Found an iron altar of Okawaru.
 10902 | D:9      | Identified the ring "Elaugoiti" {rElec rF+ MP+9 Int-3}
 10992 | D:9      | Slain by an orc warrior

Illustrated notes

Levels and vault maps discovered:
D:1:      minmay_arrival_floating_metal, layout_loops_ring,
          chequers_ecumenical_altar_simple_redux,
          chequers_serial_rivers_micro_a, lexackson_kobold_supper
D:2:      layout_loops_corners, serial_shops, shop
D:3:      layout_rooms, nicolae_tso_besieged_by_evil, nemelex_altar_shiori,
          uniq_sigmund
D:4:      layout_basic, lightli_ossuary_entry_decrepit_ruins,
          kennysheep_pointless_box
D:5:      cheibrodos_helix_gallery, layout_basic, cheibriados_altar_1,
          nicolae_stop_n_shop_1, uniq_menkaure
D:6:      corexii_shack_village, layout_gridville, kennysheep_mini,
          minmay_temple_entry_poolview, portal_sewer_entry_a
D:7:      layout_rooms
D:8:      layout_loops_cross, tgw_fedhas, minmay_fractal_squares_diagonal_5,
          uniq_grum, uniq_psyche
D:9:      layout_loops_ring, mainiacjoe_overflow_chevrons,
          grunt_temple_overflow_diamond, minivault_16
D:10:     layout_basic, nzn_overflow_gifts_of_might_and_magic,
          lemuel_crystal_altar
D:11:     layout_cave_pools, david_lair_shrubbed,
          lemuel_zombie_altar_yredelemnul
Temple:   eino_wide_crystal_templ

Skill      XL: |  1  2  3  4  5  6  7  8  9 10 11 |
---------------+----------------------------------+-----
Spellcasting   | 3 5 6 8 9 11 | 11.3
Fighting       | 1 2 3 4 5 |  5.2
Stealth        | 2 3 |  3.1
Dodging        | 3 |  3.6
Long Blades    | 1 |  1.7
Shields        | |  0.6

Action                   |  1- 3 |  4- 6 |  7- 9 | 10-12 || total
-------------------------+-------+-------+-------+-------++-------
Melee: Scimitar          |       |       |    12 |    12 ||    24
 Cast: Foxfire           |    95 |    82 |   190 |    82 ||   449
       Scorch            |       |     2 |    46 |    25 ||    73
       Shock             |       |     4 |       |       ||     4
       Flame Wave        |       |       |     2 |    21 ||    23
  Use: Scroll            |       |       |     7 |     4 ||    11
       Potion            |       |       |     3 |       ||     3
 Stab: Sleeping          |       |       |     3 |       ||     3
Armor: Robe              |     1 |     1 |    12 |     7 ||    21
Dodge: Dodged            |     5 |    10 |    43 |    47 ||   105
Block: Other             |       |       |     7 |    10 ||    17

Table legend: (Time is in decaauts)
 A = Elapsed time spent in this place.
 B = Non-inter-level travel time spent in this place.
 C = Inter-level travel time spent in this place.
 D = Time resting spent in this place.
 E = Time spent auto-exploring this place.
 F = Levels seen in this place.
 G = Mean time per level.
                   A        B        C        D        E       F      G
               +--------+--------+--------+--------+--------+-----+--------+
         Total |  10978 |  10679 |    299 |    190 |   9189 |  13 |  844.5 |
       Dungeon |  10940 |  10654 |    286 |    190 |   9182 |  11 |  994.5 |
        Temple |     32 |     20 |     12 |      0 |      7 |   1 |   32.0 |
         Sewer |      5 |      5 |      0 |      0 |      0 |   1 |    5.0 |
               +--------+--------+--------+--------+--------+-----+--------+

Top non-repeatable levels by time:
     D:1: 1965 daAuts
     D:6: 1578 daAuts
    D:10: 1530 daAuts
     D:3: 1146 daAuts
     D:2: 1035 daAuts
     D:4: 984 daAuts
     D:5: 974 daAuts
     D:9: 791 daAuts
     D:7: 766 daAuts
     D:8: 142 daAuts
  Temple: 32 daAuts
    D:11: 25 daAuts
   Sewer: 5 daAuts
